 Seeded DCSS version 0.30-a0-341-g682706514a (webtiles) character file.

Game seed: 7130546335830651708 (custom seed)

38 purpskrrrp the Magician (level 3, -5/25 HPs)
             Began as a Djinni Air Elementalist on Nov 5, 2022.
             Slain by a gnoll
             ... wielding a +0 spear
              (8 damage)
             ... on level 2 of the Dungeon.
             The game lasted 00:02:01 (989 turns).

purpskrrrp the Magician (Djinni Air Elementalist)    Turns: 989, Time: 00:02:01

Health: -5/25      AC:  2    Str:  4 (7)  XL:     3   Next: 65%
Gold:   29         EV: 12    Int: 15 (18) God:
                   SH:  0    Dex: 16 (19)

rFire   + + .      SeeInvis .    i - +0 whip (flame)
rCold   x . .      Faith    .    (no shield)
rNeg    . . .      Spirit   .    a - +0 robe
rPois   ∞          Reflect  .    (no helmet)
rElec   .          Harm     .    (no cloak)
rCorr   .          Rampage  .    (no gloves)
Will    .....                    (boots unavailable)
Stlth   ++........               (no amulet)
HPRegen 0.24/turn                j - +6 ring of dexterity
MPRegen 0.00/turn                (no ring)

@: mighty, brilliant, flying, very slightly contaminated
A: sickness immunity, fire resistance 2, cold vulnerability 1, float, innate
caster, HP casting, extra vitality 1
a: no special abilities


You were on level 2 of the Dungeon.
You visited 1 branch of the dungeon, and saw 2 of its levels.

You collected 29 gold pieces.

Inventory:

Hand Weapons
 i - a +0 whip of flaming (weapon)
Armour
 a - a +0 robe (worn)
Jewellery
 j - a +6 ring of dexterity (left hand)
Scrolls
 b - a scroll of brand weapon {unknown}
 c - a scroll of identify {unknown}
 d - a scroll of acquirement {unknown}
 k - a scroll of silence {unknown}
 l - a scroll of enchant armour {unknown}
Potions
 g - a potion of might
 h - a potion of heal wounds {unknown}
 m - a potion of flight {unknown}


   Skills:
 - Level 2.1 Dodging
 - Level 1.5 Stealth
 + Level 3.4 Spellcasting


You couldn't memorise any spells.
You knew the following spells:

 Your Spells              Type           Power      Damage    Failure   Level
a - Shock                 Conj/Air       76%        1d7       4%          1
b - Static Discharge      Conj/Air       38%        2-4/arc   7%          2
c - Swiftness             Air            19%        N/A       14%         3
d - Airstrike             Air            9%         2d(2-18)  43%         4
e - Freeze                Ice            76%        1d8       4%          1
Your spell library was empty.

Dungeon Overview and Level Annotations

Branches:
Dungeon (2/15)

Altars:


Innate Abilities, Weirdness & Mutations

You are immune to sickness and miasma.
You are immune to poison.
Your flesh is very heat resistant. (rF++)
You are vulnerable to cold. (rC-)
You float through the air rather than walking.
You learn spells naturally, not from books.
Your magical power is your life essence.
You have superior vitality. (+4 MHP)


Message History

The gnoll is lightly wounded.
A gnoll comes into view. It is wielding a +0 spear.
The zap hits the gnoll.
The gnoll is heavily wounded.
The gnoll shouts!
The gnoll throws a throwing net.
The throwing net closely misses you.
The zap hits the gnoll.
The gnoll is heavily wounded.
The gnoll throws an atropa-tipped dart.
The atropa-tipped dart misses you.
The zap misses the gnoll.
A gnoll comes into view. It is wielding a +0 spear of venom.
You miscast Shock.
You are very lightly contaminated with residual magic.
Nothing appears to happen.
The gnoll shouts!
The zap hits the gnoll.
The gnoll is almost dead.
The zap hits the gnoll.
The gnoll is moderately wounded.
You barely miss the gnoll.
The gnoll is almost dead.
You closely miss the gnoll.
The gnoll is almost dead.
The gnoll hits you from afar with a +0 spear.
The gnoll barely misses you.
It was a potion of brilliance.
You feel clever all of a sudden.
The gnoll hits you from afar with a +0 spear.
* * * LOW HITPOINT WARNING * * *
The gnoll closely misses you.
It was a potion of degeneration.
There was something very wrong with that liquid.
You feel weakened.
You feel dopey.
You feel clumsy. The gnoll closely misses you. The gnoll misses you.
The gnoll hits you from afar with a +0 spear of venom.
* * * LOW HITPOINT WARNING * * *
It was a potion of might.
You feel very mighty all of a sudden.
The gnoll hits you from afar with a +0 spear!
You die...

#<#......#.###
#.#.##)......########
#....................
###..÷.....#.#.########
#...######.#+#.# #...#
#.......#
#...####.......#
#...#..........#########
#...#.........g.@.......
#.............g[g.######
#.#......#...#....#
#.#........#.#....#
#.#......#.#.#....#
#(#....#.#.#.#....#
#.#.#..#.#.#.#....#
#.#:...#.# #.#....#
....#..†.#.


You could see 3 gnolls.

Vanquished Creatures
  2 adders (D:2)
  A dart slug (D:2)
  3 endoplasms
  A giant cockroach (D:1)
  4 hobgoblins (D:1)
  3 kobolds (D:1)
  A ball python (D:1)
  A frilled lizard (D:2)
  A goblin (D:2)
  A rat (D:1)
18 creatures vanquished.

Notes
Turn   | Place    | Note
-------+----------+-------------------------------------------
     0 | D:1      | purpskrrrp the Djinni Air Elementalist began the quest for
                  | the Orb.
     0 | D:1      | purpskrrrp set off with the following spells memorised:
                  | Shock, Static Discharge, Swiftness, Airstrike.
     0 | D:1      | Reached XP level 1. HP: 15/15 MP: 0/0
    80 | D:1      | Reached XP level 2. HP: 13/21 MP: 0/0
   141 | D:1      | You are sucked into a shaft and drop 1 floor!
   421 | D:2      | Reached skill level 3 in Spellcasting
   435 | D:2      | Reached XP level 3. HP: 23/25 MP: 0/0
   435 | D:2      | Learned a level 1 spell: Freeze
   989 | D:2      | Slain by a gnoll

Illustrated notes

Levels and vault maps discovered:
D:1:      dpeg_arrival_refuge, layout_basic
D:2:      layout_basic

Skill      XL: |  1  2 |
---------------+-------+-----
Spellcasting   | 3 |  3.4
Dodging        | |  2.1
Stealth        | |  1.5

Action                   || total
-------------------------++-------
Melee: Unarmed           ||     5
       Whip              ||    12
 Cast: Shock             ||    43
  Use: Potion            ||     3
Armor: Robe              ||     1
Dodge: Dodged            ||    16

Table legend: (Time is in decaauts)
 A = Elapsed time spent in this place.
 B = Non-inter-level travel time spent in this place.
 C = Inter-level travel time spent in this place.
 D = Time resting spent in this place.
 E = Time spent auto-exploring this place.
 F = Levels seen in this place.
 G = Mean time per level.
                   A        B        C        D        E       F      G
               +--------+--------+--------+--------+--------+-----+--------+
         Total |    989 |    979 |     10 |      0 |    791 |   2 |  494.5 |
       Dungeon |    989 |    979 |     10 |      0 |    791 |   2 |  494.5 |
               +--------+--------+--------+--------+--------+-----+--------+

Top non-repeatable levels by time:
     D:1: 621 daAuts
     D:2: 368 daAuts
